 Dungeon Crawl Stone Soup version 0.31.0-11-ge490571c62 (console) character file.

Game seed: 17767475962023554091

8633 jejorda2 the Mimic (level 11, 0/89 HPs)
             Began as a Purple Draconian Berserker on Feb 2, 2024.
             Was an Elder of Trog.
             Slain by a vampire (8 damage)
             ... on level 9 of the Dungeon.
             The game lasted 00:28:57 (8668 turns).

jejorda2 the Mimic (Purple Draconian Berserker)     Turns: 8668, Time: 00:28:58

Health: 0/89       AC: 12    Str: 24    XL:     11   Next: 12%
Magic:  11/11      EV: 12    Int:  8    God:    Trog [****..]
Gold:   1459       SH:  0    Dex: 10    Spells: 10/10 levels left

rFire   . .          .
                       - Unarmed
rCold   . . .        (no shield)
rNeg    . . .        (body armour unavailable)
rPois   .            (helmet restricted)
rElec   .            o - +0 cloak
rCorr   .            g - +0 pair of gloves
SInv    .            f - +2 pair of boots
Will    +....        m - amulet of regeneration
Stlth   +            (no ring)
HPRegen 1.14/turn    (no ring)
MPRegen 0.12/turn

%: no passive effects
@: mighty, short of breath, on berserk cooldown, slowed, very slow
A: breathe power, AC +7, unfitting armour, cold-blooded
a: Breathe Dispelling Energy, Renounce Religion, Berserk, Trog's Hand, Brothers
in Arms


You were on level 9 of the Dungeon.
You worshipped Trog.
Trog was greatly pleased with you.
You visited 1 branch of the dungeon, and saw 9 of its levels.
You also visited: Ossuary and Bailey.

You collected 1589 gold pieces.
You spent 130 gold pieces at shops.

Inventory:

Hand Weapons
 y - the +5 long sword of Inference {freeze, Fly rC+ rN+}
   (You found it on level 4 of the Dungeon)

   rC+:       It protects you from cold.
   rN+:       It protects you from negative energy.
   Fly:       It grants you flight.
 B - a +2 quick blade
 G - a +0 broad axe
Missiles
 j - 34 poisoned darts
 r - 28 boomerangs (quivered)
 v - 8 atropa-tipped darts
 E - a curare-tipped dart
Armour
 f - a +2 pair of boots (worn)
 g - a +0 pair of gloves (worn)
 o - a +0 cloak (worn)
Jewellery
 a - a ring of fire
 m - an amulet of regeneration (around neck)
 t - a +6 ring of intelligence
Wands
 d - a wand of charming (8)
 n - a wand of mindburst (7)
 H - a wand of roots (7)
Scrolls
 e - a scroll of enchant weapon
 i - 2 scrolls of blinking
 l - a scroll of fog
 p - a scroll of immolation
 q - 7 scrolls of teleportation
 C - 2 scrolls of revelation
 D - a scroll of poison {unknown}
Potions
 b - a potion of degeneration {unknown}
 c - 4 potions of curing
 h - 2 potions of magic
 k - a potion of resistance
 s - 2 potions of ambrosia {unknown}
 u - 3 potions of invisibility {unknown}
 w - a potion of enlightenment {unknown}
 x - a potion of might
 z - a potion of berserk rage {unknown}
 A - 2 potions of attraction
 F - a potion of heal wounds {unknown}
 I - a potion of haste {unknown}


   Skills:
 - Level 6.0 Fighting
 - Level 2.6 Dodging
 - Level 9.0 Unarmed Combat
 + Level 3.9 Evocations
 * Level 12.7 Shapeshifting


You had 10 spell levels left.
You didn't know any spells.
Your spell library was empty.

Dungeon Overview and Level Annotations

Branches:
Dungeon (9/15)             Temple (0/1) D:4            Lair (0/5) D:8
Ossuary (visited)          Bailey (visited)
    Orc: D:9-12

Altars:
Ashenzari
Trog
Uskayaw
Vehumet
The Shining One

Shops:
D:1 (   D:4 [*   D:8 !


Innate Abilities, Weirdness & Mutations

You can breathe bolts of dispelling energy.
Your rich purple scales are hard. (AC +7)
You cannot fit into any form of body armour.
You are cold-blooded and may be slowed by cold attacks.


Message History

Something draws strength from your injuries!
You closely miss something. You punch something. Something hits you.
Something bites you but does no damage.
You closely miss something. Your punch misses something. Something hits you.
Something bites you.
Something draws strength from your injuries!
You closely miss something.
Your tail-slap misses something.
You feel the effects of Trog's Hand fading.
Something hits you! Something bites you but does no damage.
You closely miss something.
Your tail-slap misses something.
Something hits you! Something bites you.
Something draws strength from your injuries!
Something hits you! Something bites you but does no damage.
You barely miss something. Something hits you.
* * * LOW HITPOINT WARNING * * *
Something bites you.
* * * LOW HITPOINT WARNING * * *
Something draws strength from your injuries!
You hit something but do no damage. You tail-slap something.
Something barely misses you. Something bites you.
* * * LOW HITPOINT WARNING * * *
Something draws strength from your injuries!
You miss something. You tail-slap something. Something hits you!
* * * LOW HITPOINT WARNING * * *
Something bites you.
* * * LOW HITPOINT WARNING * * *
Something draws strength from your injuries!
You feel very mighty all of a sudden.
Your skin stops crawling.
You feel less strong-willed. Something hits you.
* * * LOW HITPOINT WARNING * * *
Something bites you.
* * * LOW HITPOINT WARNING * * *
Something draws strength from your injuries!
Something hits you but does no damage. Something bites you.
* * * LOW HITPOINT WARNING * * *
Something draws strength from your injuries!
You hit something. You punch something. Something hits you but does no damage.
Something bites you!
You die...

#))))..................
))))...##.#........# ...
..)########........##...
..## #....#.#........
.... .......####.......>
...........#####†#......
........#........#.....#
.......####.............
##.....# #.....@..##.##
.....# #.....{...#.#
##.......## #
............
...........##
......<.....
......####... .....#
....


There were no monsters in sight!

Vanquished Creatures
  A two-headed ogre (D:8)
  Pikel (D:7)
  A deep elf pyromancer (D:7)
  A kobold demonologist (D:9)
  Grinder (D:6)
  Prince Ribbit (D:7)
  A hornet (D:8)
  A wraith (D:7)
  Eustachio (D:5)
  Grum (D:8)
  An ice beast (D:3)
  6 orc warriors
  3 sky beasts
  4 wolves (D:8)
  3 lemures
  2 centaurs (D:8)
  8 kobold brigands
  4 elf zombies (Ossuary)
  4 bullfrogs
  4 gnoll sergeants (D:9)
  4 scorpions
  3 wights (D:9)
  5 killer bees (D:9)
  2 howler monkeys
  4 electric eels (D:8)
  7 hounds
  4 centaur zombies (Ossuary)
  7 orc priests
  3 jellies
  Crazy Yiuf (D:2)
  2 gnoll boudas
  4 orc wizards
  5 iguanas
  6 hound zombies
  A hound skeleton (D:4)
  2 mummies (Ossuary)
  33 gnolls
  5 adders
  A shadow imp (D:7)
  2 white imps
  2 ufetubi (D:3)
  11 adder zombies
  An adder skeleton (D:4)
  6 dart slugs
  2 ribbon worms
  28 orcs
  8 ball pythons
  7 endoplasms
  3 giant cockroaches
  A gnoll zombie (Ossuary)
  7 hobgoblins
  4 jackals (D:1)
  3 quokkas
  7 bats
  A frilled lizard (D:1)
  5 goblins
  6 jackal zombies (Ossuary)
  27 kobolds
  4 kobold zombies (Ossuary)
  3 orc zombies (Ossuary)
  9 rats
295 creatures vanquished.

Vanquished Creatures (collateral kills)
  A two-headed ogre (D:9)
  6 gnolls (D:9)
7 creatures vanquished.

Grand Total: 302 creatures vanquished

Notes
Turn   | Place    | Note
-------+----------+-------------------------------------------
     0 | D:1      | jejorda2 the Draconian Berserker began the quest for the
                  | Orb.
     0 | D:1      | Reached XP level 1. HP: 19/19 MP: 1/1
   165 | D:1      | Found Pimpo's Weapon Boutique.
   270 | D:1      | Reached skill level 1 in Shapeshifting
   270 | D:1      | Reached XP level 2. HP: 21/26 MP: 2/2
   648 | D:1      | Reached XP level 3. HP: 31/31 MP: 3/3
   898 | D:2      | Reached ** piety under Trog
  1175 | D:2      | Reached skill level 2 in Shapeshifting
  1588 | D:2      | Found a runed translucent door.
  1589 | D:2      | Noticed Crazy Yiuf
  1595 | D:2      | Killed Crazy Yiuf
  1596 | D:2      | Reached XP level 4. HP: 40/40 MP: 4/4
  1912 | D:3      | Reached XP level 5. HP: 46/46 MP: 5/5
  2075 | D:3      | You fall into a shaft and drop 1 floor!
  2075 | D:4      | Found a broken altar of Ashenzari.
  2159 | D:4      | Reached skill level 3 in Shapeshifting
  2171 | D:4      | Found a sand-covered staircase.
  2178 | Ossuary  | Entered an ossuary
  2378 | Ossuary  | Reached XP level 6. HP: 53/53 MP: 6/6
  2385 | Ossuary  | Reached skill level 4 in Shapeshifting
  2418 | Ossuary  | Reached *** piety under Trog
  2419 | Ossuary  | Reached skill level 5 in Fighting
  2443 | Ossuary  | Your scales start taking on a rich purple colour.
  2443 | Ossuary  | Reached XP level 7. HP: 61/61 MP: 7/7
  2492 | Ossuary  | Reached skill level 5 in Unarmed Combat
  2492 | Ossuary  | Reached skill level 5 in Shapeshifting
  2693 | D:4      | Found Toder's Antique Armour Shoppe.
  2840 | D:4      | Identified the +5 long sword of Inference {freeze, Fly rC+
                  | rN+}
  3219 | D:4      | Found Zuheb's Neck Hole.
  3364 | D:4      | Found a staircase to the Ecumenical Temple.
  3957 | D:5      | Entered Level 5 of the Dungeon
  4000 | D:5      | Reached XP level 8. HP: 70/70 MP: 8/8
  4062 | D:5      | Reached **** piety under Trog
  4097 | D:5      | Reached skill level 6 in Shapeshifting
  4540 | D:5      | Noticed Eustachio
  4610 | D:5      | Killed Eustachio
  4692 | D:6      | Noticed Grinder
  4704 | D:6      | Killed Grinder
  4705 | D:6      | Reached skill level 7 in Shapeshifting
  5203 | D:6      | Reached skill level 8 in Shapeshifting
  5203 | D:6      | Reached XP level 9. HP: 52/75 MP: 9/9
  5876 | D:7      | Noticed Pikel
  5889 | D:7      | Killed Pikel
  5890 | D:7      | Reached skill level 9 in Shapeshifting
  6081 | D:7      | Noticed Prince Ribbit
  6094 | D:7      | Killed Prince Ribbit
  6225 | D:7      | Noticed a deep elf pyromancer
  6231 | D:7      | Killed a deep elf pyromancer
  6232 | D:7      | Reached skill level 10 in Shapeshifting
  6232 | D:7      | Reached XP level 10. HP: 83/83 MP: 10/10
  6474 | D:7      | Found a bloodstained altar of Trog.
  6485 | D:7      | Found a hide-covered altar of Uskayaw.
  7133 | D:8      | Noticed Grum
  7153 | D:8      | Killed Grum
  7225 | D:8      | Found a glowing golden altar of the Shining One.
  7399 | D:8      | Paralysed by a hornet for 3 turns
  7404 | D:8      | Paralysed by a hornet for 3 turns
  7477 | D:8      | Found Onebis's Distillery.
  7481 | D:8      | Bought a potion of resistance for 130 gold pieces
  7495 | D:8      | Reached skill level 11 in Shapeshifting
  7603 | D:8      | Found a radiant altar of Vehumet.
  7752 | D:8      | Found a staircase to the Lair.
  7851 | D:8      | Noticed a two-headed ogre
  7859 | D:8      | Killed a two-headed ogre
  8104 | D:9      | Reached skill level 1 in Evocations
  8119 | D:9      | Reached skill level 12 in Shapeshifting
  8138 | D:9      | Found a flagged portal.
  8162 | D:9      | Reached ***** piety under Trog
  8174 | Bailey   | Entered a bailey
  8310 | Bailey   | Received a gift from Trog
  8311 | Bailey   | Found the +3 giant club "Skullcrusher" {speed, Str+7}
  8324 | Bailey   | Found a burning altar of Makhleb.
  8523 | D:9      | Noticed a two-headed ogre
  8527 | D:9      | Noticed a soul eater
  8532 | D:9      | Killed a two-headed ogre
  8533 | D:9      | Reached XP level 11. HP: 89/89 MP: 11/11
  8542 | D:9      | Noticed a sun demon
  8668 | D:9      | Slain by a vampire

Illustrated notes

Levels and vault maps discovered:
D:1:      dpeg_arrival_ratfight, layout_loops_ring, serial_shops,
          nicolae_shop_bloodbath_and_beyond
D:2:      layout_loops_ring, serial_rivers, chequers_serial_rivers_micro_a,
          chequers_serial_rivers_micro_b, chequers_serial_rivers_large_a,
          chequers_serial_rivers_micro_c, chequers_serial_rivers_micro_a,
          uniq_crazy_yiuf_cottage
D:3:      layout_loops_ring, minmay_shallow_snake_nest
D:4:      layout_loops_corners, evilmike_ruin_ashenzari,
          minmay_temple_entry_poolview, mainiacjoe_ossuary_entry_find_the_door,
          serial_shops, nicolae_shop_overgrown_old_shop,
          nicolae_shop_sticking_my_neck_out
D:5:      layout_basic, uniq_eustachio
D:6:      layout_loops_corners, chequers_serial_rivers_room_b, uniq_grinder
D:7:      layout_layer_cave, mainiacjoe_overflow_catwalk_spiral,
          guppyfry_early_elven_hall, uniq_prince_ribbit1, uniq_pikel
D:8:      layout_basic, amcnicky_altar_gilded, kennysheep_mini,
          erik_lair_island, serial_shops, shop, hex_intersection, uniq_grum
D:9:      layout_cave_pools, lightli_temple_of_fire, enter_bailey_4

Skill      XL: |  1  2  3  4  5  6  7  8  9 10 |
---------------+-------------------------------+-----
Shapeshifting  | 1 2 3 4 5 8 10 12 | 12.7
Fighting       | 4 5 6 |  6.0
Unarmed Combat | 4 5 6 8 9 |  9.0
Evocations     | 3 |  3.9
Dodging        | |  2.6

Action                     |  1- 3 |  4- 6 |  7- 9 | 10-12 || total
---------------------------+-------+-------+-------+-------++-------
  Melee: Unarmed           |   137 |   241 |   464 |   329 ||  1171
         Tailslap          |    16 |    37 |    66 |    35 ||   154
         Punch             |     4 |     6 |    18 |    24 ||    52
  Throw: Boomerang         |       |       |       |     3 ||     3
 Invoke: Berserk           |     1 |     1 |     8 |     6 ||    16
         Trog's Hand       |       |     1 |     5 |     3 ||     9
         Brothers in Arms  |       |       |       |     1 ||     1
Ability: Breathe Dispellin |       |       |    37 |    16 ||    53
  Evoke: Wand              |       |       |       |     7 ||     7
    Use: Scroll            |       |     8 |       |    10 ||    18
         Potion            |       |       |       |     1 ||     1
   Stab: Sleeping          |     1 |       |       |       ||     1
         Distracted        |       |       |       |     1 ||     1
 Armour: Skin              |    70 |   235 |   287 |   291 ||   883
  Dodge: Dodged            |    76 |   222 |   242 |   251 ||   791
